 Dungeon Crawl Stone Soup version 0.30-a0-996-ga6910c8ee8 (webtiles) character file.

Game seed: 17267949236158482646

50 DiggyJ the Trooper (level 3, -6/29 HPs)
             Began as a Demonspawn Berserker on Apr 4, 2023.
             Was a Believer of Trog.
             Killed from afar by an orc wizard (11 damage)
             ... with a puff of flame
             ... on level 3 of the Dungeon.
             The game lasted 00:02:02 (1049 turns).

DiggyJ the Trooper (Demonspawn Berserker)           Turns: 1049, Time: 00:02:02

Health: -6/29      AC:  2    Str: 25    XL:     3   Next: 55%
Magic:  3/3        EV: 12    Int:  8    God:    Trog [**....]
Gold:   79         SH:  0    Dex: 12    Spells: 2/2 levels left

rFire   . . .      SeeInvis .      - Unarmed
rCold   . . .      Faith    .    (no shield)
rNeg    . . .      Spirit   .    a - +0 animal skin
rPois   .          Reflect  .    (no helmet)
rElec   .          Rampage  .    (no cloak)
rCorr   .                        (no gloves)
Will    .....                    (no boots)
Stlth   +                        (no amulet)
HPRegen 0.24/turn                b - +6 ring of strength
MPRegen 0.08/turn                (no ring)

@: lethally poisoned (-6 -> -10)
A: claws 1
a: Renounce Religion, Berserk, Trog's Hand


You were on level 3 of the Dungeon.
You worshipped Trog.
Trog was pleased with you.
You visited 1 branch of the dungeon, and saw 3 of its levels.

You collected 79 gold pieces.

Inventory:

Armour
 a - a +0 animal skin (worn)
Jewellery
 b - a +6 ring of strength (left claw)
 k - a ring of flight
Scrolls
 c - a scroll of identify {unknown}
 e - a scroll of blinking {unknown}
 h - a scroll of fog {unknown}
Potions
 d - a potion of invisibility {unknown}
 f - 2 potions of heal wounds {unknown}
 g - a potion of curing {unknown}
 i - a potion of berserk rage {unknown}
 j - a potion of brilliance {unknown}


   Skills:
 + Level 3.4 Fighting
 + Level 1.8 Armour
 + Level 2.3 Dodging
 + Level 0.1 Stealth
 + Level 3.4 Unarmed Combat


You had 2 spell levels left.
You didn't know any spells.
Your spell library was empty.

Dungeon Overview and Level Annotations

Branches:
Dungeon (3/15)

Altars:


Innate Abilities, Weirdness & Mutations

You have sharp fingernails.


Message History

Trog accepts your kill. The jackal bites you.
The kobold throws a poisoned dart.
The poisoned dart misses you.
You scratch the jackal.
The jackal is lightly wounded.
A giant cockroach comes into view.
The jackal bites you.
You scratch the jackal.
You kill the jackal!
Trog accepts your kill.
The orc wizard mumbles some strange words.
The orc wizard flickers and vanishes!
Deactivating autopickup; reactivate with Ctrl-A.
The jackal bites you.
You scratch the dart slug.
The dart slug is heavily wounded.
The jackal barely misses you. The hobgoblin closely misses you.
The jackal bites you.
You scratch the dart slug.
You kill the dart slug!
Trog accepts your kill. The jackal misses you. The jackal closely misses you.
The kobold throws a poisoned dart.
The poisoned dart hits you!
You are poisoned.
The hobgoblin closely misses you.
An orc comes into view. It is wielding a +0 hand axe.
The jackal bites you. The jackal attacks as you move away!
The jackal closely misses you.
A ball python comes into view.
You feel sick. The hobgoblin hits you. The jackal bites you.
There is a stone staircase leading up, spattered with blood here.
You feel sick.
The ball python hisses angrily.
The jackal bites you. The hobgoblin hits you.
The kobold hits you with a +0 whip of electrocution.
* * * LOW HITPOINT WARNING * * *
You hear some strange, mumbled words.
A puff of flame appears from out of thin air!
The puff of flame hits you!
You die...

.. #.#.#. ....
#..
#.#.........
#o##S#..#......
....#........
#.....#.#.#
##.........#.#
#...o{h.....^#
#>@h†....#
#.)gK.......
#..#B.......
....#.##.....
#..#...# ##...
...#....# ..
.##. .#... . .
##...#


You could see 2 orcs, 2 jackals, a giant cockroach, a hobgoblin, a ball python
and a kobold.

Vanquished Creatures
  An adder (D:2)
  A worm (D:2)
  2 dart slugs
  An orc (D:2)
  3 ball pythons
  A bat (D:2)
  3 endoplasms
  3 giant cockroaches
  2 goblins (D:2)
  3 hobgoblins
  2 jackals (D:3)
  6 kobolds
  A rat (D:1)
29 creatures vanquished.

Notes
Turn   | Place    | Note
-------+----------+-------------------------------------------
     0 | D:1      | DiggyJ the Demonspawn Berserker began the quest for the
                  | Orb.
     0 | D:1      | Reached XP level 1. HP: 18/18 MP: 1/1
   162 | D:1      | Found a faded altar of an unknown god.
   167 | D:1      | You fall into a shaft and drop 1 floor!
   185 | D:2      | Gained mutation: You have sharp fingernails. [demonic
                  | ancestry]
   185 | D:2      | Reached XP level 2. HP: 24/24 MP: 2/2
   232 | D:2      | HP: 1/24 [poisoned by an adder]
   425 | D:2      | Reached XP level 3. HP: 29/29 MP: 3/3
   656 | D:2      | Reached ** piety under Trog
  1049 | D:3      | Killed from afar by an orc wizard

Illustrated notes

Levels and vault maps discovered:
D:1:      elethiomel_arrival_quiet, layout_loops_ring,
          hellmonk_ecumenical_altar_slurped_away
D:2:      minmay_chambers_of_ones, layout_loops_ring
D:3:      layout_rooms, nicolae_concentric_dashed_squares_mild, moated_statue

Skill      XL: |  1  2 |
---------------+-------+-----
Unarmed Combat | 3 |  3.4
Dodging        | 2 |  2.3
Fighting       | |  3.4
Armour         | |  1.8
Stealth        | |  0.1

Action                     || total
---------------------------++-------
  Melee: Unarmed           ||    88
         Punch             ||     2
   Stab: Sleeping          ||     1
 Armour: Animal skin       ||    16
  Dodge: Dodged            ||    52

Table legend: (Time is in decaauts)
 A = Elapsed time spent in this place.
 B = Non-inter-level travel time spent in this place.
 C = Inter-level travel time spent in this place.
 D = Time resting spent in this place.
 E = Time spent auto-exploring this place.
 F = Levels seen in this place.
 G = Mean time per level.
                   A        B        C        D        E       F      G
               +--------+--------+--------+--------+--------+-----+--------+
         Total |   1043 |   1043 |      0 |     96 |    619 |   3 |  347.7 |
       Dungeon |   1043 |   1043 |      0 |     96 |    619 |   3 |  347.7 |
               +--------+--------+--------+--------+--------+-----+--------+

Top non-repeatable levels by time:
     D:2: 870 daAuts
     D:1: 165 daAuts
     D:3: 8 daAuts
